 Dungeon Crawl Stone Soup version 0.26.1-11-gd32895ea62 (webtiles) character file.

Game seed: 5234596985221359056

89 MrSixtyFour the Digger (level 4, -2/24 HPs)
             Began as a Gargoyle Earth Elementalist on June 29, 2021.
             Was an Initiate of Cheibriados.
             Slain by an ogre
             ... wielding a +0 giant club
              (18 damage)
             ... on level 1 of the Dungeon.
             The game lasted 00:11:47 (1936 turns).

MrSixtyFour the Digger (GrEE)                       Turns: 1936, Time: 00:11:47

Health: -2/24      AC:  6    Str: 12    XL:     4   Next: 55%
Magic:  8/8        EV: 12    Int: 18    God:    Cheibriados [......]
Gold:   163        SH:  0    Dex: 11    Spells: 7/8 levels left

rFire    . . .     SeeInvis .   e - +0 dagger
rCold    . . .     Faith    .   (no shield)
rNeg     + . .     Spirit   .   c - +0 robe
rPois    ∞         Reflect  .   (no helmet)
rElec    +         Harm     .   (no cloak)
rCorr    .         Rampage  .   g - +0 pair of gloves
Will     .....                  (no boots)
Stlth    ++........             (no amulet)
HPRegen  0.08/turn              (no ring)
MPRegen  0.11/turn              (no ring)

@: very slow
A: negative energy resistance 1, electricity resistance, unbreathing,
petrification resistance, miasma immunity, AC +3
a: Renounce Religion, Bend Time


You were on level 1 of the Dungeon.
You worshipped Cheibriados.
Cheibriados was noncommittal.
You visited 1 branch of the dungeon, and saw 2 of its levels.

You collected 163 gold pieces.

Inventory:

Hand Weapons
 e - a +0 dagger (weapon)
Missiles
 b - 72 stones
Armour
 c - a +0 robe (worn)
 d - a +0 robe
 g - a +0 pair of gloves (worn)
 k - a +0 cloak
Jewellery
 o - an uncursed amulet of guardian spirit {unknown}
Scrolls
 a - a scroll of enchant weapon {unknown}
 h - 4 scrolls of identify {unknown}
 i - a scroll of teleportation {unknown}
 l - a scroll of noise {unknown}
 m - 4 scrolls of remove curse {unknown}
 n - a scroll of immolation {unknown}
 q - 2 scrolls of amnesia {unknown}
 r - a scroll of enchant armour {unknown}
Potions
 f - 2 potions of cancellation
 j - a potion of degeneration {unknown}
 p - a potion of invisibility {unknown}


   Skills:
 + Level 1.7 Dodging
 + Level 2.5 Stealth
 + Level 0.2 Unarmed Combat
 + Level 2.9 Spellcasting
 + Level 0.7 Transmutations
 + Level 5.1 Earth Magic


You had 7 spell levels left.
You knew the following spells:

 Your Spells              Type           Power        Failure   Level
a - Sandblast             Erth           42%          1%          1

Your spell library contained the following spells:

 Spells                   Type           Power        Failure   Level
 Passwall                 Tmut/Erth      10%          8%          2
 Stone Arrow              Conj/Erth      22%          17%         3
 Petrify                  Tmut/Erth      13%          43%         4
 Lee's Rapid Deconstruct  Erth           10%          50%         5


Dungeon Overview and Level Annotations

Branches:
Dungeon (2/15)

Altars:
Cheibriados


Innate Abilities, Weirdness & Mutations

You are resistant to torment.
Your stone body is resilient. (AC +3)
You are immune to poison.
You resist negative energy. (rN+)
You are resistant to electric shocks. (rElec)
You can survive without breathing.
You are immune to petrification.
You are immune to miasma.


Message History

Press: ? - help, Q - select action, (/) - cycle Shift-Dir - straight line, f - quokka
Aim: a quokka (27% to evade)
The blast of sand hits the quokka!
You kill the quokka!
Cheibriados appreciates the change of pace.
h - 4 scrolls labelled YBRANL YSAJ (gained 1)
There is a stone staircase leading down here.
You now have 163 gold pieces (gained 7).
The ogre shouts!
An ogre is nearby!
The ogre misses you. The ogre hits you with a +0 giant club!
There is a stone staircase leading up here.
The ogre closely misses you.
You climb upwards.
There is a stone staircase leading down here.
It was a potion of cancellation.
You feel magically purged.
The ogre hits you with a +0 giant club!!
Ouch! That really hurt!
You die...

♣.♣.P♣.####..[..............#
.♣♣♣♣..).##............♣.♣..#
P♣♣♣P..(.......P.....###.####
.PPP......P♣.♣P....).# ♣.♣
.........PP.♣P♣P...÷.# #.#
.###...#.P.♣♣♣♣♣#..### ♣.♣
.#######.PP♣♣♣♣.#..# #.#
..........P.P....O.# ♣.♣
...)............@.######.######
...)..........#.#......♣.♣....#
.......#.###.##.########...##.###
..........♣.♣##.###########.....#
................#......(.######.#
#.........♣.♣.♣.#......[.# #.#
................#........# #.#
..........♣.♣.♣.#........# ###.#
................#........# #...#


You could see an ogre.

Vanquished Creatures
  2 adders (D:2)
  2 oozes (D:1)
  A dart slug (D:2)
  4 leopard geckos
  3 giant cockroaches
  6 goblins
  8 hobgoblins
  4 jackals (D:1)
  2 quokkas (D:2)
  A ball python (D:1)
  7 bats
  4 frilled lizards
  5 kobolds
  5 rats
54 creatures vanquished.

Notes
Turn   | Place    | Note
-------+----------+-------------------------------------------
     0 | D:1      | MrSixtyFour the Gargoyle Earth Elementalist began the quest
                  | for the Orb.
     0 | D:1      | Reached XP level 1. HP: 10/10 MP: 3/3
    97 | D:1      | Reached skill level 4 in Earth Magic
   177 | D:1      | Reached XP level 2. HP: 15/15 MP: 3/5
   450 | D:1      | Reached XP level 3. HP: 15/19 MP: 1/6
  1236 | D:2      | Noticed an ogre
  1300 | D:2      | Found a snail-covered altar of Cheibriados.
  1303 | D:2      | Reached XP level 4. HP: 24/24 MP: 6/8
  1370 | D:2      | Reached skill level 5 in Earth Magic
  1392 | D:2      | Became a worshipper of Cheibriados the Contemplative
  1936 | D:1      | Slain by an ogre

Illustrated notes

Levels and vault maps discovered:
D:1:      dpeg_arrival_snail, layout_basic, serial_forest,
          infiniplex_forest_clump_double, infiniplex_forest_lined_3,
          infiniplex_forest_lined_corner, infiniplex_forest_clump_medium,
          infiniplex_forest_lined_4_way, infiniplex_forest_clump_medium,
          infiniplex_forest_lined_room_2
D:2:      minmay_chambers_of_twos, layout_rooms, nicolae_overflow_crystal_walls,
          minmay_pentomino_p2

Skill      XL: |  1  2  3  4 |
---------------+-------------+-----
Earth Magic    | 4 5 |  5.1
Dodging        | |  1.7
Stealth        | |  2.5
Unarmed Combat | |  0.2
Spellcasting   | |  2.9
Transmutations | |  0.7

Action                   |  1- 3 |  4- 6 || total
-------------------------+-------+-------++-------
Melee: Dagger            |    26 |     8 ||    34
       Unarmed           |     4 |       ||     4
 Cast: Sandblast         |    40 |    21 ||    61
  Use: Potion            |       |     1 ||     1
 Stab: Sleeping          |       |     3 ||     3
Armor: Robe              |    20 |     4 ||    24
Dodge: Dodged            |    22 |     8 ||    30
